 Dungeon Crawl Stone Soup version 0.31-a0-876-gfe8ebadbca (webtiles) character file.

Game seed: 4083415022809338967

119 bobo the Chopper (level 5, 0/47 HPs)
             Began as a Gnoll Chaos Knight on Oct 13, 2023.
             Was a Plaything of Xom.
             Killed from afar by a steam dragon (16 damage)
             ... with a ball of steam
             ... on level 3 of the Dungeon.
             The game lasted 00:07:13 (1019 turns).

bobo the Chopper (Gnoll Chaos Knight)               Turns: 1019, Time: 00:07:13

Health: 0/47       AC:  6    Str: 13    XL:     5   Next: 3%
Magic:  7/7        EV: 12    Int: 12    God:    Xom [.....*]
Gold:   103        SH:  0    Dex: 11    Spells: 3/6 levels left

rFire   . . .        m - +3 quarterstaff (chaos)
rCold   . . .        (shield currently unavailable)
rNeg    . . .        b - +2 leather armour
rPois   .            (no helmet)
rElec   .            n - +0 cloak
rCorr   .            (no gloves)
SInv    .            (no boots)
Will    +....        s - amulet of magic regeneration
Stlth   +            q - ring of willpower
HPRegen 0.27/turn    (no ring)
MPRegen 0.50/turn

%: no passive effects
@: no status effects
A: fangs 1, strong nose, distributed training
a: Renounce Religion


You were on level 3 of the Dungeon.
You worshipped Xom.
You were Xom's teddy bear.
You visited 1 branch of the dungeon, and saw 3 of its levels.

You collected 103 gold pieces.

Inventory:

Hand Weapons
 a - a +0 hand axe of chaos
 j - a +2 whip of holy wrath
 l - a +2 heavy hammer
 m - a +3 quarterstaff of chaos (weapon)
Armour
 b - a +2 leather armour (worn)
 k - a +0 chain mail
 n - a +0 cloak (worn)
Jewellery
 q - a ring of willpower (left hand)
 s - an amulet of magic regeneration (around neck)
Talismans
 f - a beast talisman
Scrolls
 c - a scroll of butterflies
 d - a scroll of teleportation {unknown}
 e - a scroll of torment {unknown}
 i - 7 scrolls of identify {unknown}
 o - a scroll of enchant weapon {unknown}
 p - a scroll of poison {unknown}
 r - a scroll of fog {unknown}
 t - 2 scrolls of noise {unknown}
Potions
 g - 2 potions of curing {unknown}
 h - a potion of attraction {unknown}


   Skills:
 + Level 6.6 Fighting
 + Level 1.3 Short Blades
 + Level 1.3 Long Blades
 + Level 6.6 Axes
 + Level 1.3 Maces & Flails
 + Level 1.3 Polearms
 + Level 1.3 Staves
 + Level 1.3 Ranged Weapons
 + Level 1.3 Throwing
 + Level 4.7 Armour
 + Level 2.9 Dodging
 + Level 1.3 Stealth
 + Level 1.3 Shields
 + Level 1.3 Unarmed Combat
 + Level 1.3 Spellcasting
 + Level 1.1 Conjurations
 + Level 1.1 Hexes
 + Level 1.1 Summonings
 + Level 1.1 Necromancy
 + Level 1.1 Translocations
 + Level 1.1 Transmutations
 + Level 1.1 Fire Magic
 + Level 1.1 Ice Magic
 + Level 1.1 Air Magic
 + Level 1.1 Earth Magic
 + Level 1.1 Poison Magic
 + Level 1.5 Invocations
 + Level 1.3 Evocations
 + Level 1.2 Shapeshifting


You had 3 spell levels left.
You knew the following spells:

 Your Spells              Type           Power      Damage    Failure   Level
a - Slow                  Hex            12%        N/A       22%         1
Z - Blink                 Tloc           6%         N/A       34%         2

Your spell library contained the following spells:

 Spells                   Type           Power      Damage    Failure   Level
 Lesser Beckoning         Tloc           6%         N/A       34%         2
 Momentum Strike          Conj/Tloc      6%         3d8       34%         2
 Wereblood                Tmut           3%         N/A       34%         2
 Confusing Touch          Hex            3%         N/A       56%         3
 Sigil of Binding         Hex            3%         N/A       56%         3
 Vampiric Draining        Necr           3%         2d6       56%         3
 Irradiate                Conj/Tmut      1%         3d12      99%         5


Dungeon Overview and Level Annotations

Branches:
Dungeon (3/15)

Altars:
Dithmenos


Innate Abilities, Weirdness & Mutations

You have very sharp teeth.
Your uncanny sense of smell can sniff out nearby items.
Your experience applies equally to all skills.


Message History

You see here a scroll labelled XUTSAJ QUKI.
t - 2 scrolls labelled XUTSAJ QUKI (gained 1)
Found a book of Frost.
You barely miss the worm. The worm barely misses you.
You thump the worm! You burn the worm. You bite the worm, but do no damage.
The worm is heavily wounded.
The worm bites you but does no damage.
You hit the worm.
The worm evaporates and reforms as a steam dragon!
The steam dragon is heavily wounded.
The steam dragon breathes steam at you. The ball of steam hits you!
You barely miss the steam dragon.
You bite the steam dragon, but do no damage.
The steam dragon is heavily wounded.
You are engulfed in a cloud of scalding steam.
The steam dragon bites you but does no damage.
The steam dragon claws you but does no damage.
The steam dragon bites you but does no damage.
The steam dragon closely misses you.
You hit the steam dragon.
The steam dragon is heavily wounded.
The steam dragon bites you. The steam dragon claws you.
You hit the steam dragon but do no damage.
The steam dragon is heavily wounded.
The steam dragon bites you but does no damage.
The steam dragon claws you. The steam dragon breathes steam at you.
The ball of steam misses you.
The steam dragon bites you but does no damage.
The steam dragon closely misses you.
You closely miss the steam dragon.
The steam dragon is heavily wounded.
The steam dragon misses you. The steam dragon barely misses you.
You closely miss the steam dragon.
The steam dragon is heavily wounded.
The steam dragon breathes steam at you. The ball of steam hits you!
You die...
Xom bursts into laughter!

################
######..............#
##.....§.........<...#
##..≈.≈§§§≈.≈.........#
#.:.≈.......≈.........#
#...≈.≈§§.≈.≈..)†.#####
....≈.≈.§.≈.≈...).#
#.≈.≈...≈.≈....>#
#.≈..@D...≈.....#
#.≈.≈≈≈≈≈.≈..§..#
#...............#
.........##.......#
############......#
#......# #<†....#
#####[## .#


You could see a steam dragon (catching breath).

Vanquished Creatures
  Crazy Yiuf (D:2)
  Natasha (D:3)
  2 adders (D:2)
  A worm (D:2)
  6 ball pythons
  5 endoplasms
  A giant cockroach (D:1)
  6 goblins
  A hobgoblin (D:2)
  5 jackals (D:2)
  2 bats (D:1)
  3 frilled lizards
  5 kobolds
  3 rats
42 creatures vanquished.

Vanquished Creatures (others)
  A jackal zombie (D:2)
1 creature vanquished.

Grand Total: 43 creatures vanquished

Notes
Turn   | Place    | Note
-------+----------+-------------------------------------------
     0 | D:1      | bobo the Gnoll Chaos Knight began the quest for the Orb.
     0 | D:1      | Reached XP level 1. HP: 23/23 MP: 1/1
    12 | D:1      | XOM: silly message
    77 | D:1      | Reached XP level 2. HP: 29/29 MP: 2/2
   523 | D:2      | Found a runed translucent door.
   524 | D:2      | Noticed Crazy Yiuf
   529 | D:2      | Killed Crazy Yiuf
   530 | D:2      | Reached skill level 1 in Short Blades
   530 | D:2      | Reached skill level 1 in Long Blades
   530 | D:2      | Reached skill level 1 in Maces & Flails
   530 | D:2      | Reached skill level 1 in Polearms
   530 | D:2      | Reached skill level 1 in Staves
   530 | D:2      | Reached skill level 1 in Ranged Weapons
   530 | D:2      | Reached skill level 1 in Throwing
   530 | D:2      | Reached skill level 1 in Stealth
   530 | D:2      | Reached skill level 1 in Shields
   530 | D:2      | Reached skill level 1 in Unarmed Combat
   530 | D:2      | Reached skill level 1 in Spellcasting
   530 | D:2      | Reached skill level 1 in Invocations
   530 | D:2      | Reached skill level 1 in Evocations
   530 | D:2      | Reached XP level 3. HP: 23/35 MP: 2/4
   611 | D:2      | Reached XP level 4. HP: 36/41 MP: 5/5
   692 | D:2      | XOM: potion effect (invisibility)
   696 | D:2      | Reached skill level 1 in Shapeshifting
   816 | D:2      | XOM: 4-stop teleportation journey
   823 | D:2      | Reached skill level 1 in Conjurations
   823 | D:2      | Reached skill level 1 in Hexes
   823 | D:2      | Reached skill level 1 in Summonings
   823 | D:2      | Reached skill level 1 in Necromancy
   823 | D:2      | Reached skill level 1 in Translocations
   823 | D:2      | Reached skill level 1 in Transmutations
   823 | D:2      | Reached skill level 1 in Fire Magic
   823 | D:2      | Reached skill level 1 in Ice Magic
   823 | D:2      | Reached skill level 1 in Air Magic
   823 | D:2      | Reached skill level 1 in Earth Magic
   823 | D:2      | Reached skill level 1 in Poison Magic
   851 | D:2      | Learned a level 1 spell: Slow
   855 | D:2      | Learned a level 2 spell: Blink
   973 | D:3      | Noticed Natasha
   977 | D:3      | Killed Natasha
   978 | D:3      | Reached XP level 5. HP: 47/47 MP: 6/6
   978 | D:3      | Found a shadowy altar of Dithmenos.
  1012 | D:3      | a worm changed into a steam dragon
  1012 | D:3      | Noticed a steam dragon
  1019 | D:3      | Killed from afar by a steam dragon

Illustrated notes

Levels and vault maps discovered:
D:1:      minmay_arrival_shattered_statue, layout_basic
D:2:      layout_basic, uniq_crazy_yiuf_cottage
D:3:      layout_basic, mainiacjoe_overflow_cross_hatched, tso_altar,
          uniq_natasha, uniq_grinder

Skill      XL: |  1  2  3  4 |
---------------+-------------+-----
Short Blades   | 1 |  1.3
Long Blades    | 1 |  1.3
Maces & Flails | 1 |  1.3
Polearms       | 1 |  1.3
Staves         | 1 |  1.3
Ranged Weapons | 1 |  1.3
Throwing       | 1 |  1.3
Stealth        | 1 |  1.3
Shields        | 1 |  1.3
Unarmed Combat | 1 |  1.3
Spellcasting   | 1 |  1.3
Invocations    | 1 |  1.5
Evocations     | 1 |  1.3
Shapeshifting  | 1 |  1.2
Conjurations   | 1 |  1.1
Hexes          | 1 |  1.1
Summonings     | 1 |  1.1
Necromancy     | 1 |  1.1
Translocations | 1 |  1.1
Transmutations | 1 |  1.1
Fire Magic     | 1 |  1.1
Ice Magic      | 1 |  1.1
Air Magic      | 1 |  1.1
Earth Magic    | 1 |  1.1
Poison Magic   | 1 |  1.1
Fighting       | |  6.6
Axes           | |  6.6
Armour         | |  4.7
Dodging        | |  2.9

Action                     |  1- 3 |  4- 6 || total
---------------------------+-------+-------++-------
  Melee: Hand axe          |    51 |     2 ||    53
         Bite              |     5 |     3 ||     8
         Quarterstaff      |    14 |    43 ||    57
   Stab: Sleeping          |     1 |     2 ||     3
 Armour: Leather armour    |    40 |    30 ||    70
  Dodge: Dodged            |    36 |    25 ||    61

Table legend: (Time is in decaauts)
 A = Elapsed time spent in this place.
 B = Non-inter-level travel time spent in this place.
 C = Inter-level travel time spent in this place.
 D = Time resting spent in this place.
 E = Time spent auto-exploring this place.
 F = Levels seen in this place.
 G = Mean time per level.
                   A        B        C        D        E       F      G
               +--------+--------+--------+--------+--------+-----+--------+
         Total |   1028 |    971 |     57 |      0 |     72 |   3 |  342.7 |
       Dungeon |   1028 |    971 |     57 |      0 |     72 |   3 |  342.7 |
               +--------+--------+--------+--------+--------+-----+--------+

Top non-repeatable levels by time:
     D:2: 589 daAuts
     D:1: 391 daAuts
     D:3: 47 daAuts
